 Dungeon Crawl Stone Soup version 0.31-a0-691-g409c26aa35 (webtiles) character file.

Game seed: 15638724062253926182

33 qw the Shooter (level 3, 0/22 HPs)
             Began as a Gargoyle Hunter on Sept 6, 2023.
             Slain by Terence
             ... wielding a +0 falchion
              (5 damage)
             ... on level 2 of the Dungeon.
             The game lasted 00:00:21 (919 turns).

qw the Shooter (Gargoyle Hunter)                     Turns: 919, Time: 00:00:21

Health: 0/22       AC:  7    Str: 14    XL:     3   Next: 29%
Magic:  3/3        EV: 11    Int:  9    God:
Gold:   117        SH:  0    Dex: 15    Spells: 2/2 levels left

rFire   . . .        Y - +0 shortbow
rCold   . . .        (shield currently unavailable)
rNeg    + . .        c - +0 leather armour
rPois   inf          (no helmet)
rElec   +            (no cloak)
rCorr   .            f - +0 pair of gloves
SInv    .            (no boots)
Will    .....        (no amulet)
Stlth   ++           (no ring)
HPRegen 0.23/turn    (no ring)
MPRegen 0.08/turn

%: no passive effects
@: no status effects
A: sickness immunity, AC +3, negative energy resistance 1, electricity
resistance, torment resistance 1, petrification resistance
a: no special abilities


You were on level 2 of the Dungeon.
You visited 1 branch of the dungeon, and saw 2 of its levels.

You collected 117 gold pieces.


Innate Abilities, Weirdness & Mutations

You are immune to sickness and miasma.
Your stone body is resilient. (AC +3)
You are immune to poison.
You resist negative energy. (rN+)
You are resistant to electric shocks. (rElec)
You are resistant to unholy torment.
You are immune to petrification.


   Skills:
 + Level 2.3 Fighting
 - Level 5.0 Ranged Weapons
 - Level 1.5 Dodging
 - Level 1.1 Stealth


You had 2 spell levels left.
You didn't know any spells.
Your spell library was empty.

Inventory:

Hand Weapons
 Y - a +0 shortbow (weapon)
Armour
 c - a +0 leather armour (worn)
 f - a +0 pair of gloves (worn)
Jewellery
 a - a ring of see invisible
 b - an amulet of magic regeneration
 d - a ring of ice
Potions
 e - a potion of degeneration {unknown}

Dungeon Overview and Level Annotations

Branches:
Dungeon (2/15)

Altars:
Sif Muna

Annotations:
D:2 Terence


Message History

There is an open door here.
b - an amulet of magic regeneration
There is a shimmering blue altar of Sif Muna here.
An endoplasm comes into view.
Found a grey potion.
You shoot an arrow. The arrow hits the endoplasm!
You kill the endoplasm!
e - a grey potion You see here a quokka corpse.
You see here a quokka corpse.
There is an open door here.
There is an open door here.
Found a stone.
You see here a stone.
You now have 117 gold pieces (gained 11).
A bat comes into view.
You shoot an arrow. The arrow hits the bat!
You kill the bat!
Found a rapier.
Terence the Incautious comes into view.
He is wielding a +0 falchion.
Found a scroll labelled JUDIUZX IDUPH.
Terence shouts!
You shoot an arrow. The arrow hits Terence.
Terence is lightly wounded.
Terence hits you with a +0 falchion.
You shoot an arrow. The arrow hits Terence.
Terence is lightly wounded.
Terence hits you with a +0 falchion.
You shoot an arrow.
The arrow hits Terence but does no damage.
Terence is lightly wounded.
Terence hits you with a +0 falchion!
You shoot an arrow.
The arrow hits Terence but does no damage.
Terence is lightly wounded.
Terence hits you with a +0 falchion.
You shoot an arrow. The arrow hits Terence.
Terence is moderately wounded.
Terence barely misses you. Terence hits you with a +0 falchion.
You die...

##..... #......
+...... #......
#....? #....
####..@####
#......@..#
#.#######.# #.#
#.# #.# #.# #.#
.#######.#######
................


You could see Terence.

Vanquished Creatures
  A dart slug (D:1)
  5 endoplasms
  3 giant cockroaches (D:1)
  3 goblins (D:1)
  A hobgoblin (D:1)
  2 kobolds
  2 quokkas
  4 ball pythons (D:1)
  4 bats
  A rat (D:1)
26 creatures vanquished.

Notes
Turn   | Place    | Note
-------+----------+-------------------------------------------
     0 | D:1      | qw the Gargoyle Hunter began the quest for the Orb.
     0 | D:1      | Reached XP level 1. HP: 12/12 MP: 1/1
     0 | D:1      | 0 ||| qw: Version: 0.3-a-76-g4403597
     0 | D:1      | 0 ||| qw: Game counter: 34
     0 | D:1      | 0 ||| qw: Melee chars always use a shield: true
     0 | D:1      | 0 ||| qw: God list: Okawaru
     0 | D:1      | 0 ||| qw: Allow faded altars: false
     0 | D:1      | 0 ||| qw: Do Orc after clearing Dungeon:15 true
     0 | D:1      | 0 ||| qw: Do second Lair branch before Depths: true
     0 | D:1      | 0 ||| qw: Lair rune preference: random
     0 | D:1      | 0 ||| qw: Goals: Normal
     0 | D:1      | 0 ||| PLANNING D:1-11
    59 | D:1      | Reached XP level 2. HP: 17/17 MP: 2/2
   397 | D:1      | Reached XP level 3. HP: 21/21 MP: 3/3
   619 | D:1      | Reached skill level 5 in Ranged Weapons
   622 | D:1      | 622 ||| UPGRADING to +0 pair of gloves.
   627 | D:1      | 627 ||| READING scroll labelled KOL SEWYPTESCH.
   628 | D:1      | 628 ||| READING scroll labelled EKHOM VIUB.
   629 | D:1      | 629 ||| READING scroll labelled WEETHO FIEFYHA.
   630 | D:1      | 630 ||| DRINKING 2 sedimented cyan potions.
   631 | D:1      | 631 ||| DROPPING scroll of butterflies.
   632 | D:1      | 632 ||| DROPPING potion of invisibility.
   707 | D:2      | Found a shimmering blue altar of Sif Muna.
   914 | D:2      | Noticed Terence
   918 | D:2      | HP: 5/22 [Terence/+0 falchion (5)]
   919 | D:2      | Slain by Terence

Levels and vault maps discovered:
D:1:      wander_arrival_desolate, layout_loops_ring
D:2:      layout_loops_corners, basic_altar, uniq_terence

Skill      XL: |  1  2  3 |
---------------+----------+-----
Ranged Weapons | 5 |  5.0
Fighting       | |  2.3
Dodging        | |  1.5
Stealth        | |  1.1

Action                     || total
---------------------------++-------
   Fire: Shortbow          ||    82
    Use: Scroll            ||     3
         Potion            ||     1
 Armour: Leather armour    ||    19
  Dodge: Dodged            ||    16

Table legend:
 A = Non-vault XP
 B = Vault XP
 C = Vault XP percentage of total XP
 D = Non-vault monster count
 E = Vault monster count
 F = Vault count percentage of total count
                 A         B        C        D         E       F
            +---------+---------+-------+---------+---------+-------
      Total |      48 |       0 |   0.0 |      26 |       0 |   0.0
            +---------+---------+-------+---------+---------+-------
        D:1 |      41 |       0 |   0.0 |      22 |       0 |   0.0
        D:2 |       7 |       0 |   0.0 |       4 |       0 |   0.0
            +---------+---------+-------+---------+---------+-------
